[Event "DVM U20 2019"]
[Site "Braunschweig"]
[Date "2019.12.28"]
[Round "3"]
[White "Hoffmann, Jens"]
[Black "Roseneck, Jonas"]
[Result "0-1"]
[ECO "B90"]
[WhiteElo "2113"]
[BlackElo "2417"]
[Annotator "NA"]
[PlyCount "87"]
[EventDate "2019.12.27"]
[EventType "team-tourn"]
[EventRounds "7"]
[EventCountry "GER"]
[SourceTitle "playchess.com"]
[Source "ChessBase"]
[SourceQuality "1"]
[WhiteTeam "SF HN-Biberach"]
[BlackTeam "SG Aufbau Elbe Magdeburg"]
[TimeControl "40/5400+30:1800+30"]

1. e4 c5 2. Nf3 d6 3. d4 cxd4 4. Nxd4 Nf6 5. Nc3 a6 6. Be3 e5 7. Nb3 Be6 8. f3 h5 {[%emt 0:00:01] unterminated} 9. Qd2 Nbd7 {[%emt 0:00:12] unterminated} 10. a4 {[%emt 0:07:13] unterminated} Be7 {[%emt 0:05:39] unterminated B90: Sicilian Najdorf: Unusual White 6th moves, 6 Be3 Ng4 and 6 Be3 e5} 11. Be2 {[%emt 0:06:10] unterminated} O-O (11... Nb6 12. O-O Rc8 13. Rfd1 O-O 14. a5 Nc4 15. Bxc4 Rxc4 16. Nc1 Qc8 17. N1e2 Rd8 18. Bg5 {½-½ (58) Salgado Lopez,I (2618)-Ponomariov,R (2715) Gjakova 2016}) 12. a5 b5 13. axb6 $146 ({Predecessor:} 13. O-O Rc8 14. Nd5 Nxd5 15. exd5 Bf5 16. Rac1 Rc4 17. Bxc4 bxc4 18. Na1 {0-1 (69) Perelshteyn,E (2544)-Khachiyan,M (2463) Los Angeles 2006}) 13... Nxb6 {[%emt 0:00:05] unterminated} 14. O-O {[%emt 0:18:57] unterminated} d5 15. exd5 {[%emt 0:00:18] unterminated} Nbxd5 {[%emt 0:01:11] unterminated} 16. Nxd5 {[%emt 0:06:37] unterminated} Nxd5 {[%emt 0:00:22] unterminated} 17. Rxa6 {[%emt 0:14:35] unterminated} Rxa6 18. Bxa6 Nb4 {[%emt 0:00:16] unterminated} 19. Qe2 {[%emt 0:05:02] unterminated} Qc7 {[%emt 0:07:39] unterminated} 20. Bd3 {[%emt 0:05:46] unterminated} (20. Rc1 $1 $11) 20... Nxd3 21. Qxd3 Rd8 {[%emt 0:00:04] unterminated} 22. Qc3 $1 {[%emt 0:05:54] unterminated} Qxc3 23. bxc3 {[%emt 0:00:06] unterminated} Rc8 {[%emt 0:08:15] unterminated} 24. Bd2 {[%emt 0:02:32] unterminated} Bf5 {[%emt 0:00:52] unterminated} 25. Kf2 Bxc2 26. Nc1 {[%emt 0:00:14] unterminated} Bc5+ {[%emt 0:02:31] unterminated} 27. Be3 Bxe3+ 28. Kxe3 Rxc3+ 29. Kd2 {[%emt 0:00:07] unterminated} Rc6 30. Nd3 Bb3 {[%emt 0:00:29] unterminated} 31. Ke3 Rc2 32. Rf2 Rxf2 33. Kxf2 f6 34. h4 Kf7 35. Ke3 Bc2 36. Nb4 {[%emt 0:00:38] unterminated} Bf5 37. Na2 Bd7 {[%emt 0:00:40] unterminated} 38. Nb4 Bb5 39. Nd5 {[%emt 0:00:26] unterminated} Bc4 {[%emt 0:00:40] unterminated} 40. Nb4 Ke6 {[%emt 0:00:32] unterminated} 41. Nc2 {[%emt 0:03:46] unterminated} Bb3 42. Nb4 {[%emt 0:01:04] unterminated} Kd6 {[%emt 0:01:12] unterminated} 43. Ke4 Be6 {[%emt 0:00:58] unterminated} 44. g3 $17 {[%emt 0:11:14] normal} 0-1

[Event "DVM U20 2019"]
[Site "Braunschweig"]
[Date "2019.12.28"]
[Round "3"]
[White "Koll, Lukas"]
[Black "Waffenschmidt, Lars"]
[Result "0-1"]
[ECO "D78"]
[WhiteElo "2093"]
[BlackElo "1885"]
[Annotator "NA RC"]
[PlyCount "55"]
[EventDate "2019.12.27"]
[EventType "team-tourn"]
[EventRounds "7"]
[EventCountry "GER"]
[SourceTitle "playchess.com"]
[Source "ChessBase"]
[SourceQuality "1"]
[WhiteTeam "Karlsruher SF"]
[BlackTeam "SK Bebenhausen"]
[TimeControl "40/5400+30:1800+30"]

1. Nf3 d5 2. g3 Nf6 3. Bg2 g6 {[%emt 0:00:15] unterminated} 4. d4 Bg7 5. c4 {[%emt 0:01:09] unterminated} c6 {[%emt 0:09:40] unterminated} 6. O-O ({Predecessor:} 6. Nbd2 O-O 7. O-O Ne4 8. b3 Bf5 9. Bb2 Nd7 10. Rc1 {½-½ (13) Kustar,S (2370)-Groszpeter,A (2483) Zalakaros 2001}) 6... O-O {[%emt 0:00:24] unterminated} 7. b3 {[%emt 0:01:11] unterminated} Bf5 8. Bb2 {[%emt 0:01:06] unterminated} Nbd7 {[%emt 0:04:48] unterminated} 9. Nbd2 $146 {[%emt 0:02:42] unterminated unterminated. D78: Fianchetto Grünfeld: 6 0-0 c6} (9. e3 Ne4 10. Nfd2 Ndf6 11. Nxe4 Bxe4 12. Bh3 Qb6 13. f3 Bxb1 14. Rxb1 e6 15. Qd3 Rfe8 16. c5 Qc7 {0-1 (35) Ding,L (2774)-Carlsen,M (2837) Saint Louis 2017}) 9... Rc8 {[%emt 0:03:10] unterminated} 10. Rc1 {[%emt 0:02:35] unterminated} Ne4 {[%emt 0:30:50] unterminated} 11. Nh4 Nxd2 12. Qxd2 {[%emt 0:00:49] unterminated} Be6 {[%emt 0:00:44] unterminated} 13. cxd5 {[%emt 0:10:25] unterminated} cxd5 {[%emt 0:02:27] unterminated} 14. Qb4 {[%emt 0:00:24] unterminated} Qb6 15. Qxb6 Nxb6 {[%emt 0:00:17] unterminated} 16. Nf3 {[%emt 0:00:53] unterminated} Bf6 {[%emt 0:03:20] unterminated} 17. Ne5 {[%emt 0:01:04] unterminated} Bxe5 18. dxe5 {[%emt 0:00:17] unterminated} Rfd8 {[%emt 0:00:37] unterminated} 19. Bd4 $14 Kf8 20. Rfd1 Rxc1 21. Rxc1 Rc8 22. Rxc8+ Nxc8 23. Kf1 Ke8 24. Ke1 Kd7 25. Kd2 Kc6 26. b4 Nb6 27. Bxb6 Kxb6 28. a3 {[%emt 0:00:13] normal} 0-1

[Event "DVM U20 2019"]
[Site "Braunschweig"]
[Date "2019.12.28"]
[Round "3"]
[White "Kartsev, Nikolay"]
[Black "Engel, Robert"]
[Result "1/2-1/2"]
[ECO "B50"]
[WhiteElo "2092"]
[BlackElo "2075"]
[Annotator "NA"]
[PlyCount "90"]
[EventDate "2019.12.27"]
[EventType "team-tourn"]
[EventRounds "7"]
[EventCountry "GER"]
[SourceTitle "playchess.com"]
[Source "ChessBase"]
[SourceQuality "1"]
[WhiteTeam "SF Brackel"]
[BlackTeam "Hamburger SK"]
[TimeControl "40/5400+30:1800+30"]

1. e4 c5 2. Nf3 d6 3. c3 Nf6 4. h3 {[%emt 0:00:06] unterminated} e6 {[%emt 0:05:21] unterminated} 5. Bd3 {[%emt 0:02:40] unterminated} Nbd7 6. Bc2 {unterminated unterminated. B50: Sicilian: 2...d6, Miscellaneous} b6 {[%emt 0:05:08] unterminated} 7. O-O {[%emt 0:01:54] unterminated} Bb7 8. Re1 {[%emt 0:00:18] unterminated} Rc8 (8... Qc7 9. d4 Be7 10. Na3 a6 11. e5 dxe5 12. dxe5 Nd5 13. Bg5 Bxg5 14. Nxg5 Nxe5 15. Qh5 Nf4 {½-½ (15) Sosa,T (2524)-Henriquez Villagra,C (2587) Vallfogona de Balague 2019}) 9. d3 {[%emt 0:01:37] unterminated} Be7 10. Nbd2 $146 {[%emt 0:00:09] unterminated} ({Predecessor:} 10. Bf4 Qc7 11. Nbd2 O-O 12. Nf1 Rfd8 13. Qe2 Nf8 {½-½ (46) Liberman,E (2165)-Kazantzev,V Togliatti 2014}) 10... O-O 11. Nf1 {[%emt 0:00:04] unterminated} b5 {unterminated} 12. Bd2 {[%emt 0:11:36] unterminated} Ne5 {[%emt 0:31:04] unterminated} 13. a4 {[%emt 0:07:43] unterminated} a6 {[%emt 0:04:08] unterminated} 14. axb5 axb5 {[%emt 0:00:33] unterminated} 15. N1h2 {[%emt 0:07:11] unterminated} Qc7 {[%emt 0:07:42] unterminated} 16. Nxe5 dxe5 17. g4 {[%emt 0:00:04] unterminated} Nd7 {[%emt 0:08:43] unterminated} 18. c4 {[%emt 0:04:44] unterminated} b4 {[%emt 0:04:47] unterminated} 19. g5 {[%emt 0:05:07] unterminated} Nb8 {[%emt 0:00:43] unterminated} 20. Qh5 {[%emt 0:07:57] unterminated} Nc6 {[%emt 0:00:32] unterminated} 21. Be3 {[%emt 0:06:38] unterminated} Nd4 22. Bxd4 exd4 {[%emt 0:00:28] unterminated} 23. e5 {[%emt 0:01:31] unterminated} Ra8 24. Rab1 {[%emt 0:00:26] unterminated} Qd8 {[%emt 0:02:12] unterminated} 25. h4 g6 {[%emt 0:00:12] unterminated} 26. Qg4 h5 {[%emt 0:00:16] unterminated} 27. Qf4 {[%emt 0:01:49] unterminated} Qb6 {[%emt 0:01:09] unterminated} (27... Qc7 $5 28. Qg3 Rfc8 $15) 28. Bd1 {[%emt 0:00:38] unterminated} Ra2 29. Bf3 {[%emt 0:01:40] unterminated} Bxf3 30. Nxf3 b3 {[%emt 0:00:29] unterminated} 31. Nd2 Qb4 32. Red1 {[%emt 0:00:52] unterminated} Rfa8 {[%emt 0:01:33] unterminated} 33. Ne4 Qb7 {[%emt 0:01:05] unterminated} 34. Kh2 {[%emt 0:01:47] unterminated} Kg7 35. Rg1 ({Much weaker is} 35. Nd6 Bxd6 36. exd6 Kg8 $17) 35... R8a7 {[%emt 0:01:11] unterminated} 36. Nf6 ({Much worse is} 36. Nd6 Bxd6 37. exd6 Kg8 $17) 36... Qa8 {[%emt 0:01:45] unterminated} 37. Qe4 {[%emt 0:03:05] unterminated} Bxf6 38. gxf6+ {[%emt 0:00:08] unterminated} (38. exf6+ $11 Kf8 39. Qxa8+ Rxa8 40. Kg3) 38... Kh7 39. Qxa8 Rxa8 {[%emt 0:00:01] unterminated} 40. Kg3 Kh6 41. f4 {[%emt 0:30:35] unterminated} R8a6 {[%emt 0:31:11] unterminated} 42. Kf3 {[%emt 0:00:00] unterminated} Ra7 $11 43. Ke4 R7a6 44. Rge1 Ra8 45. Rg1 R8a6 {[%emt 0:00:00] normal} 1/2-1/2

[Event "DVM U20 2019"]
[Site "Braunschweig"]
[Date "2019.12.28"]
[Round "3"]
[White "Wu, Luka"]
[Black "Schimnatkowski, Lukas"]
[Result "1-0"]
[ECO "B28"]
[WhiteElo "2073"]
[BlackElo "2157"]
[Annotator "ChessBase"]
[PlyCount "98"]
[EventDate "2019.12.27"]
[EventType "team-tourn"]
[EventRounds "7"]
[EventCountry "GER"]
[SourceTitle "playchess.com"]
[Source "ChessBase"]
[SourceQuality "1"]
[WhiteTeam "OSG Baden-Baden"]
[BlackTeam "SF Essen-Katernberg"]
[TimeControl "40/5400+30:1800+30"]

1. e4 c5 2. Nf3 a6 3. Be2 e6 4. d4 cxd4 5. Nxd4 Nf6 6. Bf3 Nc6 7. O-O Qc7 8. Nc3 Bb4 9. Nxc6 bxc6 10. Qd4 Rb8 11. e5 Nd5 12. Qg4 g6 13. Nxd5 cxd5 14. c3 Be7 15. Re1 a5 16. Rb1 Ba6 17. Be2 Bxe2 18. Qxe2 O-O 19. Bf4 Rfc8 20. Qd2 Qc4 21. a3 a4 22. g3 Rb3 23. Bg5 Bxg5 24. Qxg5 Qc5 25. Kg2 Rcb8 26. Qh4 d6 27. Qe7 R3b7 28. Qxd6 Qxd6 29. exd6 Kf8 30. Red1 Rb6 31. Rd4 Ra8 32. c4 Rxd6 33. cxd5 exd5 34. Rbd1 Ra5 35. Rb4 Ke7 36. Rdd4 Ke6 37. Rxa4 Rc5 38. Rd2 Rb6 39. Re2+ Kf6 40. Ra7 Rb3 41. Ree7 Rxb2 42. Rxf7+ Ke5 43. Rxh7 Ke4 44. Rhe7+ Kd3 45. Re3+ Kd4 46. h4 Rcc2 47. Rf3 Rb1 48. Ra6 Rcc1 49. Ra4+ Ke5 {[%emt 0:01:24] normal} 1-0

[Event "DVM U20 2019"]
[Site "Braunschweig"]
[Date "2019.12.28"]
[Round "3"]
[White "Weller, Uli"]
[Black "Poghosyan, Tigran"]
[Result "0-1"]
[ECO "B24"]
[WhiteElo "2070"]
[BlackElo "2302"]
[Annotator "RC"]
[PlyCount "83"]
[EventDate "2019.12.27"]
[EventType "team-tourn"]
[EventRounds "7"]
[EventCountry "GER"]
[SourceTitle "playchess.com"]
[Source "ChessBase"]
[SourceQuality "1"]
[WhiteTeam "SF Augsburg"]
[BlackTeam "Lübecker SV"]
[TimeControl "40/5400+30:1800+30"]

1. e4 c5 2. Nc3 Nc6 3. g3 g6 4. d3 Bg7 5. Be3 d6 6. Qd2 Rb8 7. Bg2 b5 8. f4 b4 9. Nd1 Nd4 10. c3 bxc3 11. bxc3 Nc6 12. Ne2 e6 13. O-O Nge7 14. g4 f5 15. gxf5 exf5 16. Ng3 O-O 17. exf5 Bxf5 18. Nxf5 Rxf5 19. Qe2 Qc7 20. Bd2 Re8 21. Ne3 Rff8 22. Qf3 Kh8 23. Rab1 Qa5 24. Nc4 Qc7 25. Ne3 Qa5 26. Qd1 Bxc3 27. Rb5 Qxb5 28. Bxc3+ Nd4 29. f5 Nexf5 30. Nxf5 gxf5 31. Rf4 Re3 32. Rh4 Qxd3 33. Bxd4+ cxd4 34. Rxh7+ Kxh7 35. Qh5+ Kg7 36. Qg5+ Kf7 37. Bd5+ Re6 38. Bxe6+ Kxe6 39. Qg6+ Rf6 40. Qe8+ Kd5 41. Qa8+ Ke5 42. Qe8+ {[%emt 0:00:09] normal} 0-1

[Event "DVM U20 2019"]
[Site "Braunschweig"]
[Date "2019.12.28"]
[Round "3"]
[White "Dechant, Georg"]
[Black "Dornieden, Jonas"]
[Result "0-1"]
[ECO "B12"]
[WhiteElo "2065"]
[BlackElo "1912"]
[Annotator "NA RC"]
[PlyCount "98"]
[EventDate "2019.12.27"]
[EventType "team-tourn"]
[EventRounds "7"]
[EventCountry "GER"]
[SourceTitle "playchess.com"]
[Source "ChessBase"]
[SourceQuality "1"]
[WhiteTeam "SC Bavaria Regensburg"]
[BlackTeam "SK Lehrte 1919"]
[TimeControl "40/5400+30:1800+30"]

1. e4 c6 2. d4 d5 3. e5 Bf5 4. Nf3 e6 5. Be2 c5 6. O-O Nc6 7. Be3 {[%emt 0:00:56] unterminated} Qb6 {[%emt 0:03:10] unterminated} 8. Nc3 {[%emt 0:03:00] unterminated B12: Caro-Kann: Advance Variation} Qxb2 9. Nb5 (9. Qe1 cxd4 10. Bxd4 Nxd4 11. Nxd4 Bb4 12. Ndb5 Ba5 13. Rb1 Qxc2 14. Rb3 Ne7 15. Nd6+ Kf8 16. Nxb7 {0-1 (52) Jakovenko,D (2704)-Inarkiev,E (2682) Izhevsk 2019}) 9... c4 {[%emt 0:00:41] unterminated} 10. Nc7+ {[%emt 0:32:24] Double Attack} Kd7 11. Nxa8 Bxc2 12. Qc1 {[%emt 0:00:45] unterminated} Ba3 {[%emt 0:00:39] unterminated} 13. Ne1 $1 {[%emt 0:02:20] unterminated} Bg6 {[%emt 0:08:26] unterminated} 14. Qd1 $1 {[%emt 0:00:53] unterminated} b5 $146 {[%emt 0:14:56] unterminated} ({Predecessor:} 14... Kc8 15. g4 h5 16. gxh5 {0-1 (44) Sun,F (2134)-Guo,Q (2439) China 2013}) 15. h4 {[%emt 0:07:53] unterminated} h5 {[%emt 0:05:19] unterminated} 16. Bd3 {[%emt 0:01:55] unterminated} cxd3 17. Rb1 {[%emt 0:00:05] unterminated} Qe2 ({And not} 17... Qxa2 18. Rxb5 Nge7 19. Rb7+ Kc8 20. Rc7+ Kb8 {[#]} 21. Qa4 $1 $11 ) 18. Qb3 {[%emt 0:00:10] unterminated} b4 {[%emt 0:00:58] unterminated} 19. Rd1 {[%emt 0:08:35] unterminated} Nge7 {[%emt 0:05:03] unterminated} 20. Qa4 {[%emt 0:16:11] unterminated} Rxa8 {[%emt 0:02:39] unterminated} 21. Bg5 {[%emt 0:06:46] unterminated} Nc8 {[%emt 0:06:45] unterminated} 22. Rd2 {[%emt 0:03:58] unterminated} Qg4 {[%emt 0:08:40] unterminated} 23. Qb5 $2 {[%emt 0:02:38] unterminated} (23. Nxd3 $17 {was the crucial defense.} Bxd3 24. Rxd3) 23... Rb8 {[%emt 0:01:35] unterminated} 24. Qc5 {[%emt 0:01:55] unterminated} Qxd4 25. Qf8 {[%emt 0:00:04] unterminated} N8e7 26. Qxg7 {[%emt 0:00:09] unterminated} Rg8 27. Qf6 {[%emt 0:00:56] unterminated} Qxe5 28. Qf3 {[%emt 0:00:32] unterminated} Nd4 29. Qh3 Ne2+ {[%emt 0:01:05] unterminated} 30. Kh1 f6 31. Nxd3 {[%emt 0:00:57] unterminated} Bxd3 {[%emt 0:01:19] unterminated} 32. Qxd3 Nc3 {[%emt 0:00:22] unterminated} 33. Bh6 {[%emt 0:05:10] unterminated} Qe4 34. Qh3 {[%emt 0:00:05] unterminated} Nf5 {[%emt 0:00:48] Double Attack} 35. Be3 Qxh4 36. Qxh4 Nxh4 37. Bxa7 Rxg2 38. Bd4 Rh2+ 39. Kxh2 Nf3+ 40. Kh3 Nxd2 41. Rg1 e5 {[%emt 0:30:33] normal} 42. Bc5 Nde4 {[%emt 0:00:31] normal} 43. Rg7+ $19 Ke6 44. Bf8 Nxf2+ 45. Kh4 d4 46. Kxh5 d3 47. Re7+ Kf5 48. Rd7 Ke4 49. Bc5 Nd5 {[%emt 0:00:17] normal} 0-1

[Event "DVM U20 2019"]
[Site "Braunschweig"]
[Date "2019.12.28"]
[Round "3"]
[White "Reimer, Philip"]
[Black "Oberhofer, Cedric"]
[Result "0-1"]
[ECO "B32"]
[WhiteElo "2065"]
[BlackElo "2260"]
[Annotator "RC"]
[PlyCount "58"]
[EventDate "2019.12.27"]
[EventType "team-tourn"]
[EventRounds "7"]
[EventCountry "GER"]
[SourceTitle "playchess.com"]
[Source "ChessBase"]
[SourceQuality "1"]
[WhiteTeam "SK Lehrte 1919"]
[BlackTeam "SC Bavaria Regensburg"]
[TimeControl "40/5400+30:1800+30"]

1. e4 c5 2. Nf3 Nc6 3. d4 cxd4 4. Nxd4 Qb6 5. Nb3 Nf6 6. Nc3 e6 7. Be3 Qc7 8. a3 a6 9. Be2 Be7 10. O-O O-O 11. f4 d6 12. Kh1 b5 13. Qe1 Rb8 14. Qf2 Nd7 15. Rad1 Nb6 16. Bc1 b4 17. axb4 Nxb4 18. Bf3 Bd7 19. Rfe1 Na4 20. e5 dxe5 21. fxe5 Nxc3 22. bxc3 Na2 23. Bd2 Bb5 24. Qg3 Rfd8 25. Be4 Rbc8 26. Re3 Nxc3 {[%emt 0:05:31] normal} 27. Rxc3 Rxd2 {[%emt 0:00:11] normal} 28. Rxd2 Qxc3 29. Qf4 {[%emt 0:00:51] normal} Qxb3 {[%emt 0:03:22] normal} 0-1

[Event "DVM U20 2019"]
[Site "Braunschweig"]
[Date "2019.12.28"]
[Round "3"]
[White "Hoffmann, Lennard"]
[Black "Eurich, Alexander"]
[Result "1-0"]
[ECO "B27"]
[WhiteElo "2059"]
[BlackElo "1741"]
[Annotator "NA RC"]
[PlyCount "69"]
[EventDate "2019.12.27"]
[EventType "team-tourn"]
[EventRounds "7"]
[EventCountry "GER"]
[SourceTitle "playchess.com"]
[Source "ChessBase"]
[SourceQuality "1"]
[WhiteTeam "SG Aufbau Elbe Magdeburg"]
[BlackTeam "SF HN-Biberach"]
[TimeControl "40/5400+30:1800+30"]

1. e4 c5 2. Nf3 g6 3. d4 cxd4 4. Qxd4 Nf6 {[%emt 0:01:01] unterminated} 5. e5 {[%emt 0:28:11] unterminated} Nc6 {[%emt 0:03:57] unterminated} 6. Qc4 {[%emt 0:03:59] unterminated unterminated. B27: Sicilian: 2 Nf3, unusual Black 2nd moves} (6. Qa4 Nd5 7. Qe4 Nb6 8. Nc3 Bg7 9. Bf4 d5 10. exd6 Bf5 11. dxe7 Qd7 12. Qe3 Nb4 13. Rc1 Nxc2+ 14. Rxc2 Bxc2 15. Bb5 Bxc3+ 16. Qxc3 Qxb5 17. Qxh8+ Kxe7 {½-½ (22) Ortiz Suarez,I (2548)-Guseinov,G (2654) Barbera del Valles 2018}) 6... d5 {unterminated} 7. exd6 {[%emt 0:02:19] unterminated} Qxd6 {[%emt 0:10:17] unterminated} 8. Bf4 {[%emt 0:05:58] unterminated} Qe6+ {[%emt 0:06:50] unterminated} (8... e5 $5 9. Bg5 Be6 $15) 9. Be2 $146 {[%emt 0:04:02] unterminated} ({Predecessor:} 9. Qxe6 Bxe6 10. Nc3 Nd5 11. Bd2 Nxc3 12. Bxc3 f6 13. O-O-O Bh6+ {0-1 (50) Rigo,J (2321)-Machalova,M (2206) Banska Stiavnica 2010}) 9... Bg7 {[%emt 0:09:11] unterminated} 10. Nc3 {[%emt 0:11:44] unterminated} O-O {[%emt 0:09:00] unterminated} 11. h3 {[%emt 0:06:17] unterminated} Qxc4 12. Bxc4 {[%emt 0:00:08] unterminated} Bf5 {[%emt 0:02:11] unterminated} 13. O-O-O {[%emt 0:04:02] unterminated} Na5 {[%emt 0:05:37] unterminated} 14. Bd3 {[%emt 0:03:15] unterminated} Bxd3 15. Rxd3 Nc6 {[%emt 0:00:34] unterminated} 16. Rhd1 {[%emt 0:01:19] unterminated} Rfd8 {[%emt 0:01:22] unterminated} 17. Ne5 {[%emt 0:01:59] unterminated} Rxd3 {[%emt 0:06:21] unterminated} 18. Nxd3 {[%emt 0:06:59] unterminated} Rd8 {[%emt 0:00:51] unterminated} 19. Be3 {[%emt 0:01:57] unterminated} Nd5 20. Nxd5 {[%emt 0:00:35] unterminated} Rxd5 21. c4 {[%emt 0:00:56] unterminated} Rd8 {[%emt 0:02:25] unterminated} 22. b4 {[%emt 0:02:13] unterminated} b6 {[%emt 0:05:06] unterminated} 23. c5 {[%emt 0:02:41] unterminated} b5 $11 24. Kc2 f5 25. f4 e5 26. fxe5 Bxe5 27. Nxe5 Nxb4+ 28. Kb3 Rxd1 29. Kxb4 Re1 30. c6 Rxe3 31. c7 Re4+ 32. Ka5 {[%emt 0:00:14] normal} Rxe5 33. c8=Q+ Kf7 {[%emt 0:00:11] normal} 34. Qh8 Ke6 35. Qxh7 {[%emt 0:00:17] normal} 1-0

[Event "DVM U20 2019"]
[Site "Braunschweig"]
[Date "2019.12.28"]
[Round "3"]
[White "Elier, Ali"]
[Black "Fuhrmann, Aeke"]
[Result "1-0"]
[ECO "B21"]
[WhiteElo "2032"]
[BlackElo "1879"]
[Annotator "NA RC"]
[PlyCount "101"]
[EventDate "2019.12.27"]
[EventType "team-tourn"]
[EventRounds "7"]
[EventCountry "GER"]
[SourceTitle "playchess.com"]
[Source "ChessBase"]
[SourceQuality "1"]
[WhiteTeam "SF Brackel"]
[BlackTeam "Hamburger SK"]
[TimeControl "40/5400+30:1800+30"]

1. e4 c5 2. d4 cxd4 3. c3 Nf6 4. e5 Nd5 5. Nf3 Nc6 6. Bc4 Nb6 7. Bb3 d5 8. exd6 Qxd6 9. Na3 a6 10. cxd4 {[%emt 0:00:24] unterminated} Be6 {[%emt 0:20:51] unterminated unterminated. B22: Sicilian: 2 c3} (10... e6 11. O-O Be7 12. Be3 O-O 13. Ne5 Nb4 14. Rc1 N4d5 15. Nac4 Nxc4 16. Nxc4 Qd8 17. Ne5 Bf6 18. Qf3 Rb8 19. Ng4 Bh4 20. Nh6+ gxh6 21. Bxh6 f5 22. Bxd5 exd5 23. Bxf8 Kxf8 24. Rfe1 Bd7 25. Qxd5 {1-0 (33) Gashimov,V (2565)-Halkias,S (2541) Antalya 2004}) 11. O-O {[%emt 0:02:19] unterminated} Bxb3 12. Qxb3 Qb4 {[%emt 0:00:15] unterminated} 13. Qd3 {[%emt 0:03:46] unterminated} e6 {[%emt 0:01:56] unterminated} 14. Bd2 {[%emt 0:02:17] unterminated} Qd6 {[%emt 0:04:44] unterminated} 15. Qb3 $146 {[%emt 0:14:18] unterminated} ({Predecessor:} 15. Rfe1 Qd5 16. Nc2 Be7 17. Ne3 Qb5 18. Qe4 {1-0 (46) Castaneda,J (2175)-Cano,L (2272) Medellin 2017}) 15... Nb4 {[%emt 0:04:13] unterminated} ({Not} 15... Nxd4 $2 16. Nxd4 Qxd4 17. Be3 $18) 16. Rac1 {[%emt 0:00:57] unterminated} N4d5 17. Ne5 {[%emt 0:02:12] unterminated} (17. Ng5 $5 Be7 18. Ne4 $14) 17... Be7 {[%emt 0:02:48] unterminated} 18. Nac4 Nxc4 {[%emt 0:01:00] unterminated} 19. Nxc4 {[%emt 0:03:10] unterminated} Qd7 {[%emt 0:01:37] unterminated} 20. Nb6 Nxb6 21. Qxb6 O-O 22. Rc7 Bd8 23. Rxd7 Bxb6 24. Rxb7 Bxd4 25. b4 Rfc8 26. Be3 Bxe3 27. fxe3 f6 28. Rd1 Rd8 29. Rxd8+ Rxd8 30. Ra7 Rd6 31. Kf2 h5 32. Ke2 Kh7 33. Rb7 Kg6 34. a4 Kf5 35. a5 g5 36. Rb6 Ke5 37. b5 axb5 38. Rxb5+ Rd5 39. Rxd5+ Kxd5 {[%emt 0:00:05] unterminated} 40. Kd3 {[%emt 0:00:39] unterminated} Kc5 41. e4 $11 ({White should play} 41. Ke4 $18 Kb5 42. Kd4) 41... Kb5 42. Kd4 Kxa5 43. Kc5 f5 44. exf5 exf5 45. Kd5 f4 46. Ke5 f3 47. gxf3 g4 48. fxg4 hxg4 49. Kf4 Kb5 50. Kxg4 Kc6 51. Kf5 {[%emt 0:00:08] normal} 1-0

[Event "DVM U20 2019"]
[Site "Braunschweig"]
[Date "2019.12.28"]
[Round "3"]
[White "Wiegersma, Justus"]
[Black "Richter, Philipp"]
[Result "0-1"]
[ECO "C15"]
[WhiteElo "1975"]
[BlackElo "2084"]
[Annotator "NA RC"]
[PlyCount "48"]
[EventDate "2019.12.27"]
[EventType "team-tourn"]
[EventRounds "7"]
[EventCountry "GER"]
[SourceTitle "playchess.com"]
[Source "ChessBase"]
[SourceQuality "1"]
[WhiteTeam "SK Turm Kleve"]
[BlackTeam "USV TU Dresden"]
[TimeControl "40/5400+30:1800+30"]

1. e4 e6 2. d4 d5 3. Nc3 Bb4 4. Nge2 dxe4 5. a3 Be7 6. Nxe4 Nf6 7. Nxf6+ Bxf6 8. Be3 {[%emt 0:00:04] unterminated} b6 {[%emt 0:05:08] unterminated} 9. Qd2 {[%emt 0:01:59] unterminated} Bb7 10. O-O-O {[%emt 0:00:12] unterminated} O-O {[%emt 0:04:32] unterminated} 11. Rg1 {[%emt 0:06:10] unterminated} Na6 {[%emt 0:08:25] unterminated} 12. Nf4 {[%emt 0:03:51] unterminated} Rc8 {[%emt 0:11:12] unterminated} 13. g4 {[%emt 0:02:05] unterminated} c5 $11 14. d5 Nc7 15. Bg2 exd5 16. Nxd5 Nxd5 17. Bxd5 Bxd5 18. Qxd5 Qc7 19. f4 Rfe8 20. Qf3 g6 21. Rge1 Rcd8 22. Rxd8 Qxd8 {[%emt 0:00:41] normal} 23. Kb1 {[%emt 0:12:08] normal} Qd7 {[%emt 0:02:28] normal} 24. h3 Qb5 {[%emt 0:00:12] normal} 0-1